| 
	| TOP OF THE 1ST | 
|---|
 
		| Philadelphia Phillies batting - Pitching for Chicago Cubs : RHP Nicolai Volnov |  
		| Pitching: RHP Nicolai Volnov |  |  
		| Batting: LHB Cody Schumacher | 0-0: Ball 1-0: Ground out 4-3 (Groundball, 34, EV 79.4 MPH)
 |  
		| Batting: RHB Quintin Parker | 0-0: Ball 1-0: Ground out 4-3 (Groundball, 4, EV 98.8 MPH)
 |  
		| Batting: SHB Lance Franklin | 0-0: Called Strike 0-1: Ball
 1-1: Called Strike
 1-2: Ball
 2-2: Strikes out swinging
 |  
		| Top of the 1st over - 0 runs, 0 hits, 0 errors, 0 left on base; Philadelphia 0 - Chicago 0 |  
	| BOTTOM OF THE 1ST | 
|---|
 
		| Chicago Cubs batting - Pitching for Philadelphia Phillies : RHP Sean Hill |  
		| Pitching: RHP Sean Hill |  |  
		| Batting: SHB Moe Lester | 0-0: Ball 1-0: Called Strike
 1-1: Foul Ball, location: 2F
 1-2: Strikes out swinging
 |  
		| Batting: RHB Steve Bartman Jr. | 0-0: Ball 1-0: Foul Ball, location: 2F
 1-1: Ball
 2-1: Swinging Strike
 2-2: Ball
 3-2: Foul Ball, location: 2F
 3-2: Strikes out swinging
 |  
		| Batting: RHB Josh Kalman | 0-0: Ball 1-0:  SOLO HOME RUN  (Flyball, 9D, EV 98.1 MPH), Distance : 384 ft
 |  
		| Batting: SHB Zory Larikov | 0-0: Called Strike 0-1: Ball
 1-1: Ball
 2-1: Ball
 3-1: Called Strike
 3-2: Strikes out swinging
 |  
		| Bottom of the 1st over - 1 run, 1 hit, 0 errors, 0 left on base; Philadelphia 0 - Chicago 1 |  
	| TOP OF THE 2ND | 
|---|
 
		| Philadelphia Phillies batting - Pitching for Chicago Cubs : RHP Nicolai Volnov |  
		| Batting: RHB Chef Belew | 0-0: Called Strike 0-1: Ball
 1-1: Ball
 2-1:  SOLO HOME RUN  (Flyball, 9D, EV 105.0 MPH), Distance : 398 ft
 |  
		| Batting: LHB Osamu Kubo | 0-0: Ball 1-0: Ball
 2-0: SINGLE  (Line Drive, 8RS, EV 101.9 MPH)
 |  
		| Batting: RHB Josh Hensley | 0-0: Ball 1-0: Ball
 2-0: Swinging Strike
 2-1: Swinging Strike
 2-2: Strikes out swinging
 |  
		| Batting: LHB Ryan Trombley | 0-0: Ball 1-0: Ball
 2-0: Foul Ball, location: 2F
 2-1: Called Strike
 2-2: Strikes out looking
 |  
		| Batting: RHB Mike Hanks | 0-0: Called Strike 0-1: Ball
 1-1: Swinging Strike
 1-2: Strikes out swinging
 |  
		| Top of the 2nd over - 1 run, 2 hits, 0 errors, 1 left on base; Philadelphia 1 - Chicago 1 |  
	| BOTTOM OF THE 2ND | 
|---|
 
		| Chicago Cubs batting - Pitching for Philadelphia Phillies : RHP Sean Hill |  
		| Batting: LHB Jon Schick | 0-0: Swinging Strike 0-1: Called Strike
 0-2: Ball
 1-2: Ground out 4-3 (Groundball, 4M, EV 78.8 MPH)
 |  
		| Batting: RHB Heef Harted | 0-0: Ball 1-0: Foul Ball, location: 2F
 1-1: Ball
 2-1: Foul Ball, location: 2F
 2-2: Foul Ball, location: 2F
 2-2:  Fly out, F7  (Flyball, 7S, EV 87.5 MPH)
 |  
		| Batting: SHB Gabriel Cruz | 0-0: Ground out 4-3 (Groundball, 34, EV 106.2 MPH) |  
		| Bottom of the 2nd over - 0 runs, 0 hits, 0 errors, 0 left on base; Philadelphia 1 - Chicago 1 |  
	| TOP OF THE 3RD | 
|---|
 
		| Philadelphia Phillies batting - Pitching for Chicago Cubs : RHP Nicolai Volnov |  
		| Batting: LHB Jim Beaver | 0-0: Ball 1-0: Called Strike
 1-1: Ball
 2-1: Ball
 3-1: Ground out 4-3 (Groundball, 4, EV 108.1 MPH)
 |  
		| Batting: LHB Cody Schumacher | 0-0: Called Strike 0-1: Foul Ball, location: 2F
 0-2: Ball
 1-2: Foul Ball, location: 2F
 1-2: Foul Ball, location: 2F
 1-2: Strikes out swinging
 |  
		| Batting: RHB Quintin Parker | 0-0: Ball 1-0: Foul Ball, location: 2F
 1-1: Ball
 2-1: Ball
 3-1: Base on Balls
 |  
		| Batting: SHB Lance Franklin | 0-0: Ball 1-0: SINGLE  (Groundball, 34D, EV 96.2 MPH)
 Quintin Parker to second
 Runner from 2nd tries for 3rd, SAFE, throw by RF made to third
 |  
		| Batting: RHB Chef Belew | 0-0: Ball 1-0: Called Strike
 1-1: Ball
 2-1: Ball
 3-1: Called Strike
 3-2: Strikes out swinging
 |  
		| Top of the 3rd over - 0 runs, 1 hit, 0 errors, 2 left on base; Philadelphia 1 - Chicago 1 |  
	| BOTTOM OF THE 3RD | 
|---|
 
		| Chicago Cubs batting - Pitching for Philadelphia Phillies : RHP Sean Hill |  
		| Batting: RHB Alan Oxenrider | 0-0: Called Strike 0-1: Called Strike
 0-2: Ball
 1-2: Foul Ball, location: 2F
 1-2: Strikes out swinging
 |  
		| Batting: RHB Brian Gargis | 0-0: Called Strike 0-1: Ground out 4-3 (Groundball, 4M, EV 103.8 MPH)
 |  
		| Batting: SHB Moe Lester | 0-0: Ball 1-0:  Fly out, F9  (Line Drive, 89S, EV 90.6 MPH)
 |  
		| Bottom of the 3rd over - 0 runs, 0 hits, 0 errors, 0 left on base; Philadelphia 1 - Chicago 1 |  
	| TOP OF THE 4TH | 
|---|
 
		| Philadelphia Phillies batting - Pitching for Chicago Cubs : RHP Nicolai Volnov |  
		| Batting: LHB Osamu Kubo | 0-0: DOUBLE  (Line Drive, 78D, EV 105.6 MPH) |  
		| Batting: RHB Josh Hensley | 0-0: Called Strike 0-1: Ball
 1-1: Ball
 2-1: Ball
 3-1: Base on Balls
 |  
		| Batting: LHB Ryan Trombley | 0-0: Called Strike 0-1: DOUBLE  (Line Drive, 9LS, EV 101.9 MPH)
 Osamu Kubo scores
 Josh Hensley to third
 |  
		| Batting: RHB Mike Hanks | 0-0: Ball 1-0: Ground out 6-3 (Groundball, 56D, EV 82.5 MPH)
 Josh Hensley scores
 |  
		| Batting: LHB Jim Beaver | 0-0: Swinging Strike 0-1: Ball
 1-1: Ball
 2-1: Called Strike
 2-2: Strikes out looking
 |  
		| Batting: LHB Cody Schumacher | 0-0: Called Strike 0-1: Ball
 1-1: Ball
 2-1: Ground out 4-3 (Groundball, 34, EV 90.6 MPH)
 |  
		| Top of the 4th over - 2 runs, 2 hits, 0 errors, 1 left on base; Philadelphia 3 - Chicago 1 |  
	| BOTTOM OF THE 4TH | 
|---|
 
		| Chicago Cubs batting - Pitching for Philadelphia Phillies : RHP Sean Hill |  
		| Batting: RHB Steve Bartman Jr. | 0-0: Ball 1-0: Called Strike
 1-1: Ball
 2-1: Foul Ball, location: 2F
 2-2: SINGLE  (Line Drive, 34D, EV 105.0 MPH)
 |  
		| Batting: RHB Josh Kalman | 0-0: Called Strike 0-1: Swinging Strike
 0-2: Hit by Pitch
 Steve Bartman Jr. to second
 |  
		| Batting: SHB Zory Larikov | 0-0: Ball 1-0: Ball
 2-0:  Fly out, F8  (Flyball, 78M, EV 73.1 MPH)
 |  
		| Batting: LHB Jon Schick | 0-0: Grounds into double play, 4-6-3 (Groundball, 4, EV 84.4 MPH) |  
		| Bottom of the 4th over - 0 runs, 1 hit, 0 errors, 1 left on base; Philadelphia 3 - Chicago 1 |  
	| TOP OF THE 5TH | 
|---|
 
		| Philadelphia Phillies batting - Pitching for Chicago Cubs : RHP Nicolai Volnov |  
		| Batting: RHB Quintin Parker | 0-0: Ground out 5-3 (Groundball, 5L, EV 84.4 MPH) |  
		| Batting: SHB Lance Franklin | 0-0: Called Strike 0-1: Ball
 1-1: Foul Ball, location: 2F
 1-2: Strikes out swinging
 |  
		| Batting: RHB Chef Belew | 0-0: Ball 1-0: Called Strike
 1-1: Called Strike
 1-2: Ball
 2-2: Ball
 3-2: Strikes out looking
 |  
		| Top of the 5th over - 0 runs, 0 hits, 0 errors, 0 left on base; Philadelphia 3 - Chicago 1 |  
	| BOTTOM OF THE 5TH | 
|---|
 
		| Chicago Cubs batting - Pitching for Philadelphia Phillies : RHP Sean Hill |  
		| Batting: RHB Heef Harted | 0-0: Foul Ball, location: 2F 0-1: Foul Ball, location: 2F
 0-2:  Fly out, F8  (Flyball, 8RM, EV 83.8 MPH)
 |  
		| Batting: SHB Gabriel Cruz | 0-0: Called Strike 0-1: Foul Ball, location: 2F
 0-2: Ball
 1-2: Ground out 4-3 (Groundball, 4, EV 100.6 MPH)
 |  
		| Batting: RHB Alan Oxenrider | 0-0: Ball 1-0: Foul Ball, location: 2F
 1-1: Swinging Strike
 1-2: Strikes out swinging
 |  
		| Bottom of the 5th over - 0 runs, 0 hits, 0 errors, 0 left on base; Philadelphia 3 - Chicago 1 |  
	| TOP OF THE 6TH | 
|---|
 
		| Philadelphia Phillies batting - Pitching for Chicago Cubs : RHP Nicolai Volnov |  
		| Batting: LHB Osamu Kubo | 0-0: Ball 1-0: Ground out 4-3 (Groundball, 4D, EV 89.4 MPH)
 |  
		| Batting: RHB Josh Hensley | 0-0: Called Strike 0-1:  Fly out, F8  (Flyball, 8RD, EV 104.4 MPH)
 |  
		| Batting: LHB Ryan Trombley | 0-0: Called Strike 0-1:  Fly out, F9  (Line Drive, 9D, EV 96.9 MPH)
 |  
		| Top of the 6th over - 0 runs, 0 hits, 0 errors, 0 left on base; Philadelphia 3 - Chicago 1 |  
	| BOTTOM OF THE 6TH | 
|---|
 
		| Chicago Cubs batting - Pitching for Philadelphia Phillies : RHP Sean Hill |  
		| Batting: RHB Brian Gargis | 0-0: Called Strike 0-1:  Fly out, F8  (Flyball, 8LD, EV 96.2 MPH)
 |  
		| Batting: SHB Moe Lester | 0-0: Foul Ball, location: 2F 0-1: Called Strike
 0-2: Ball
 1-2: Ball
 2-2: TRIPLE  (Flyball, 89XD, EV 100.6 MPH)
 |  
		| Batting: RHB Steve Bartman Jr. | 0-0: Swinging Strike 0-1: Ball
 1-1: Ground out 6-3 (Groundball, 6, EV 110.0 MPH)
 Moe Lester scores
 |  
		| Batting: RHB Josh Kalman | 0-0: Called Strike 0-1: Ground out 5-3 (Groundball, 5, EV 90.0 MPH)
 |  
		| Bottom of the 6th over - 1 run, 1 hit, 0 errors, 0 left on base; Philadelphia 3 - Chicago 2 |  
	| TOP OF THE 7TH | 
|---|
 
		| Philadelphia Phillies batting - Pitching for Chicago Cubs : RHP Nicolai Volnov |  
		| Batting: RHB Mike Hanks | 0-0: Ball 1-0: Ground out 6-3 (Groundball, 6, EV 102.5 MPH)
 |  
		| Batting: LHB Jim Beaver | 0-0: Ball 1-0: Ground out 6-3 (Groundball, 6, EV 85.0 MPH)
 |  
		| Batting: LHB Cody Schumacher | 0-0: Ball 1-0: Called Strike
 1-1: DOUBLE  (Line Drive, 3D, EV 93.8 MPH)
 |  
		| Batting: RHB Quintin Parker | 0-0: Called Strike 0-1: Foul Ball, location: 2F
 0-2: Strikes out swinging
 |  
		| Top of the 7th over - 0 runs, 1 hit, 0 errors, 1 left on base; Philadelphia 3 - Chicago 2 |  
	| BOTTOM OF THE 7TH | 
|---|
 
		| Chicago Cubs batting - Pitching for Philadelphia Phillies : RHP Sean Hill |  
		| Batting: SHB Zory Larikov | 0-0: SINGLE  (Groundball, 4MD, EV 95.0 MPH) |  
		| Batting: LHB Jon Schick | 0-0: Ball 1-0: Foul Ball, location: 2F
 1-1: Ball
 2-1: Ball
 3-1: Base on Balls
 Zory Larikov to second
 |  
		| Pinch Hitting: LHB Wing-tat Tai | 0-0: Sac Bunt to 25 - play at first, batter OUT! 5-4 Zory Larikov to third
 Jon Schick to second
 |  
		| Batting: SHB Gabriel Cruz | 0-0: Foul Ball, location: 2F 0-1: Called Strike
 0-2: Ball
 1-2: Ball
 2-2:  Fly out, F8  (Flyball, 78M, EV 90.0 MPH)
 Runner from 3rd tags up, SCORES, throw by CF
 |  
		| Batting: RHB Alan Oxenrider | 0-0: Called Strike 0-1: Called Strike
 0-2: Ball
 1-2: DOUBLE  (Line Drive, 9LS, EV 103.1 MPH)
 Jon Schick scores
 |  
		| Batting: RHB Brian Gargis | 0-0: Ball 1-0: Ground out 3-1 (Groundball, 34, EV 78.1 MPH)
 |  
		| Bottom of the 7th over - 2 runs, 2 hits, 0 errors, 1 left on base; Philadelphia 3 - Chicago 4 |  
	| TOP OF THE 8TH | 
|---|
 
		| Philadelphia Phillies batting - Pitching for Chicago Cubs : RHP Nicolai Volnov |  
		| Now at 1B: Francisco Ramirez |  |  
		| Batting: SHB Lance Franklin | 0-0: Ball 1-0: Called Strike
 1-1: Swinging Strike
 1-2:  Fly out, F5  (Popup, 56S, EV 74.4 MPH)
 |  
		| Batting: RHB Chef Belew | 0-0: Ball 1-0: Called Strike
 1-1: Foul Ball, location: 2F
 1-2: Ball
 2-2: Ball
 3-2: Base on Balls
 |  
		| Pitching: RHP Eric Oakes |  |  
		| Batting: LHB Osamu Kubo | 0-0: Foul Ball, location: 2F 0-1: Ball
 1-1: Called Strike
 1-2: Strikes out swinging
 |  
		| Pinch Hitting: LHB Brad Turner | 0-0: SINGLE  (Line Drive, 8RS, EV 108.1 MPH) Chef Belew to second
 |  
		| Batting: LHB Ryan Trombley | 0-0: Called Strike 0-1: Called Strike
 0-2: Strikes out swinging
 |  
		| Top of the 8th over - 0 runs, 1 hit, 0 errors, 2 left on base; Philadelphia 3 - Chicago 4 |  
	| BOTTOM OF THE 8TH | 
|---|
 
		| Chicago Cubs batting - Pitching for Philadelphia Phillies : RHP Sean Hill |  
		| Now at 3B: Carlos Morejon |  |  
		| Batting: SHB Moe Lester | 0-0: Foul Ball, location: 2F 0-1: Ball
 1-1: SINGLE  (Groundball, 4MD, EV 79.4 MPH) (infield hit)
 |  
		| Pitching: RHP Andy Burchfield |  |  
		| Batting: RHB Steve Bartman Jr. | 0-0: Ball Moe Lester steals 2nd base
 1-0: Ball
 2-0: Ball
 3-0: Called Strike
 3-1: Foul Ball, location: 2F
 3-2: Ground out 6-3 (Groundball, 6, EV 103.1 MPH)
 |  
		| Batting: RHB Josh Kalman | 0-0: Ball 1-0: Foul Ball, location: 2F
 1-1: Called Strike
 Moe Lester steals 3rd, throwing error, E2
 Moe Lester scores
 1-2: Ball
 2-2: Ball
 3-2: Strikes out swinging
 |  
		| Batting: SHB Zory Larikov | 0-0: Foul Ball, location: 2F 0-1: Foul Ball, location: 2F
 0-2: Strikes out swinging
 |  
		| Bottom of the 8th over - 1 run, 1 hit, 1 error, 0 left on base; Philadelphia 3 - Chicago 5 |  
	| TOP OF THE 9TH | 
|---|
 
		| Philadelphia Phillies batting - Pitching for Chicago Cubs : RHP Eric Oakes |  
		| Pitching: RHP Ryohei Uda |  |  
		| Batting: RHB Mike Hanks | 0-0: Ball 1-0:  SOLO HOME RUN  (Flyball, 9D, EV 98.1 MPH), Distance : 395 ft
 |  
		| Batting: LHB Jim Beaver | 0-0: Ball 1-0: Called Strike
 1-1: Ball
 2-1: Ball
 3-1: Called Strike
 3-2: Strikes out looking
 |  
		| Batting: LHB Cody Schumacher | 0-0: Ball 1-0: Swinging Strike
 1-1: Called Strike
 1-2: Strikes out swinging
 |  
		| Batting: RHB Quintin Parker | 0-0: Called Strike 0-1: Swinging Strike
 0-2: Ball
 1-2: Strikes out swinging
 |  
		| Top of the 9th over - 1 run, 1 hit, 0 errors, 0 left on base; Philadelphia 4 - Chicago 5 |  |